Joyom, chaotic female elven Ranger --- ---# ------------ .. .|#########...........| -.. ---------.|# |.......<..| |... |(((|...|.|# -..........| |.... |(((|...|.|# |..........| |.... |.. |.. |.|# ...........| - --.....----|---|---%.### |..........| | - ---- --@S.......@.........(.|# ------.----- |...G....S)...{.....@d........).|# -- --- --. --- --...........|` -- |.-----|---.| |.- ... |.| |.| |..(.|.- |.| |....|.| -.- ------.| . .| --- --- Joyom the Tenderfoot Experience level: 1 Strength: 17 Dexterity: 11 Constitution: 15 Intelligence: 13 Wisdom: 15 Charisma: 7 Health: 0(13) Energy: 5(5) Def: 13 Gold: 0 Moves: 2755 Dungeon seed: 5cVPMg4-wtd92dhL Game ID: Joyom_1632246921 Your Inventory: Weapons d - an uncursed +1 elven dagger e - an uncursed +1 elven bow (alternate weapon; not wielded) g - an uncursed +0 orcish dagger h - an uncursed +1 axe k - a blessed +0 orcish dagger (weapon in hand) M - 57 uncursed +2 elven arrows Q - 39 uncursed +0 elven arrows (in quiver) Armor z - an uncursed +0 dwarvish mithril-coat (being worn) N - an uncursed +0 dwarvish iron helm (being worn) S - an uncursed +0 pair of iron shoes (being worn) W - an uncursed +2 elven cloak (being worn) Comestibles f - 4 uncursed lembas wafers w - 2 uncursed food rations H - an uncursed mango J - 2 uncursed tripe rations Wands s - an uncursed wand of slow monster (0:7) F - an uncursed wand of striking (0:2) I - an uncursed wand of polymorph (0:5) Tools b - an uncursed bag of holding T - an uncursed towel Contents of the bag of holding: a cursed amulet of strangulation 3 uncursed +0 arrows 9 cursed -3 arrows 11 uncursed +0 crossbow bolts 3 uncursed +0 daggers 10 uncursed +2 darts 13 uncursed +0 darts 14 cursed -1 darts an uncursed +0 dwarvish mattock 7 uncursed +0 orcish arrows an uncursed +0 dwarvish cloak an uncursed +0 dwarvish cloak a cursed +0 dwarvish cloak a blessed +0 orcish helm 2 uncursed male golden naga eggs a blessed scroll of blank paper an uncursed scroll of confuse monster a blessed scroll of enchant armor a blessed scroll of enchant weapon an uncursed scroll of enchant weapon a cursed scroll of enchant weapon 2 uncursed scrolls of genocide a cursed scroll of identify an uncursed scroll of recall an uncursed scroll of scare monster an uncursed spellbook of charm monster an uncursed spellbook of extra healing a cursed spellbook of speed monster an uncursed potion of booze an uncursed potion of enlightenment an uncursed potion of extra healing a cursed potion of healing an uncursed potion of object detection an uncursed +3 ring of protection an uncursed credit card 2 uncursed tallow candles (0:200) a blessed wax candle (0:400) an uncursed wax candle (0:400) an uncursed agate stone an uncursed aquamarine stone 2 uncursed chrysoberyl stones an uncursed worthless piece of black glass 4 uncursed worthless pieces of blue glass an uncursed worthless piece of green glass 6 uncursed worthless pieces of red glass an uncursed worthless piece of violet glass 2 uncursed worthless pieces of white glass an uncursed worthless piece of yellow glass 2 uncursed worthless pieces of yellowish brown glass 537 gold pieces Spells and supernatural/magical abilities: Name Level Category Cost Memory W - pray for help -- divine ? -- Your skills at the end: Fighting Skills wands [Basic] Weapon Skills dagger [Basic] bow [Basic] Spellcasting Skills Final Attributes: You were fervently aligned. You were immune to sleep. You saw invisible. You had automatic searching. You had infravision. You were stealthy. You were lucky. Mars was slightly pleased with you. You are dead. Vanquished creatures: a leprechaun a gnome king a dwarf lord a mountain nymph 3 gnome lords 5 dwarves a giant bat an iguana an acid blob a coyote a large kobold 6 giant rats 3 yellow molds 20 gnomes 3 garter snakes 5 jackals 4 foxes 3 kobolds 2 goblins 2 sewer rats 8 grid bugs 2 lichens 8 newts 83 creatures vanquished. Voluntary challenges: You never hit with a wielded weapon. You were a pacifist. You read items or engraved 2 times, starting on turn 2316. You never genocided any monsters. You never polymorphed an object. You never changed form. You used no wishes. You never split a pudding. You wrote Elbereth's name 1 time, starting on turn 2317. You never violated your personal moral code. Dungeon overview: The Dungeons of Doom: levels 1 to 4 Level 1 a fountain a long staircase Level 2 a scroll shop, an altar to Venus Level 3 an altar to Mars, a fountain stairs to The Gnomish Mines Level 4 a vault The Gnomish Mines: levels 4 to 6 Level 4 stairs to The Dungeons of Doom Level 5 Level 6 <- You were here a lighting shop, some fountains History has recorded: On T:1 you entered the Dungeons of Doom to retrieve the Amulet of Yendor! On T:134 you reached level 2 of The Dungeons of Doom. On T:605 you reached level 3 of The Dungeons of Doom. On T:1136 you reached level 4 of The Dungeons of Doom. On T:1309 you reached level 1 of The Gnomish Mines. On T:2516 you reached level 2 of The Gnomish Mines. On T:2673 you reached level 3 of The Gnomish Mines. Score breakdown: Gold: 537 ( 9289 points) Experience: 1 level ( 0 points) Exploration: 6 levels ( 12.00%) ( 9583 points) Discoveries: 6 items ( 2.03%) ( 4278 points) Valuables value: (no points given unless you survive) Artifact value: 0 ( 0 points) Variety of kills: 23 monsters ( 6.05%) ( 7380 points) Turncount: 2755 turns ( -474 points) Survival: died (score multiplied by 80%) Total score: 24044 Latest messages: [2 turns] Sirius bites the gnome. The gnome is killed! [2 turns] You displace Sirius. Sirius bites the invisible Semilg. The invisible Semilg swings her long sword at Sirius. The invisible Semilg hits Sirius. The invisible Semilg swings her long sword at Sirius. The invisible Semilg misses Sirius. The invisible Semilg drinks a white potion! The invisible Semilg seems to be moving much faster. It must be a potion of speed. The garter snake displaces the watchman. The invisible Semilg swings her long sword at you. The invisible Semilg hits! The invisible Semilg swings her long sword at you. The invisible Semilg just misses! The invisible Semilg swings her long sword at you. The invisible Semilg misses. The invisible Semilg swings her long sword at you. The invisible Semilg hits! You die... Final status: Goodbye Joyom the Ranger, killed by an invisible valkyrie called "Semilg"... You died in The Gnomish Mines on dungeon level 6 with 24044 points, and 537 pieces of gold, after 2755 moves. You were level 1 with a maximum of 13 hit points when you died.